 Dungeon Crawl Stone Soup version 0.31-a0-1074-g0b22e4e0f1 (webtiles) character file.

Game seed: 15569208367759577441

2 DApurpleWHUMPUS the Caller (level 1, 0/10 HPs)
             Began as a Deep Elf Summoner on Dec 8, 2023.
             Slain by a kobold
             ... wielding a +0 short sword
              (3 damage)
             ... on level 1 of the Dungeon.
             The game lasted 00:00:24 (155 turns).

DApurpleWHUMPUS the Caller (Deep Elf Summoner)       Turns: 155, Time: 00:00:24

Health: 0/10       AC:  2    Str:  5    XL:     1   Next: 33%
Magic:  5/6        EV: 12    Int: 19    God:
Gold:   7          SH:  0    Dex: 15    Spells: 5/6 levels left

rFire   . . .        (no weapon)
rCold   . . .        (no shield)
rNeg    . . .        a - +0 robe
rPois   .            (no helmet)
rElec   .            (no cloak)
rCorr   .            (no gloves)
SInv    .            (no boots)
Will    .....        (no amulet)
Stlth   ++           (no ring)
HPRegen 0.21/turn    (no ring)
MPRegen 0.10/turn

%: no passive effects
@: no status effects
A: no striking features
a: no special abilities


You were on level 1 of the Dungeon.
You visited 1 branch of the dungeon, and saw 1 of its levels.

You collected 7 gold pieces.

Inventory:

Armour
 a - a +0 robe (worn)
Scrolls
 c - a scroll of identify {unknown}
Potions
 b - a potion of magic


   Skills:
 + Level 2.5 Dodging
 + Level 2.5 Stealth
 + Level 3.0 Spellcasting
 + Level 4.4 Summonings


You had 5 spell levels left.
You knew the following spells:

 Your Spells              Type           Power      Damage    Failure   Level
a - Summon Small Mammal   Summ           76%        N/A       2%          1

Your spell library contained the following spells:

 Spells                   Type           Power      Damage    Failure   Level
 Call Imp                 Summ           38%        N/A       3%          2
 Call Canine Familiar     Summ           19%        N/A       8%          3
 Summon Guardian Golem    Hex/Summ       11%        N/A       19%         3
 Summon Lightning Spire   Summ/Air       11%        N/A       52%         4


Dungeon Overview and Level Annotations

Branches:
Dungeon (1/15)

Altars:


Message History

Your quokka bites the endoplasm but does no damage.
The endoplasm closely misses your quokka.
Your quokka bites the endoplasm.
The endoplasm barely misses your quokka.
Your quokka bites the endoplasm.
Your quokka barely misses the endoplasm.
The endoplasm barely misses your quokka.
Your quokka bites the endoplasm.
The endoplasm barely misses your quokka.
Your quokka bites the endoplasm.
The endoplasm dies!
Magic restored.
You swap places.
There is a stone staircase leading down here.
Your quokka disappears in a puff of smoke!
You swap places.
Your quokka disappears in a puff of smoke!
A kobold and a frilled lizard come into view.
There are monsters nearby!
There are monsters nearby!
There are monsters nearby!
The kobold shouts!
The frilled lizard hisses angrily.
Your bat hits the frilled lizard. The frilled lizard misses your bat.
Your bat barely misses the frilled lizard.
The frilled lizard barely misses your bat.
Your bat barely misses the frilled lizard.
The frilled lizard misses your bat.
A rat comes into view.
The kobold hits you with a +0 short sword.
The kobold attacks as it pursues you!
The kobold hits you with a +0 short sword.
* * * LOW HITPOINT WARNING * * *
Your bat barely misses the kobold. x2
Your bat closely misses the kobold.
The kobold closely misses you. The kobold attacks as it pursues you!
The kobold barely misses you.
Your bat closely misses the kobold.
Your bat hits the kobold but does no damage.
Your bat completely misses the kobold.
The kobold attacks as it pursues you!
The kobold hits you with a +0 short sword.
You die...

#.. #.# #l# #####.# #.
..# #...... #.# #.#
#.###.# r.#..##r# #.#
#.# #.......# #># #.#
#....##.# #.# #.# ###
#r##############.###.#
#b..K@..............(#
################.#####
#.# #.##### #......
#######


You could see a kobold (ally target), a friendly bat (summoned) and a friendly
rat (summoned).

Vanquished Creatures (collateral kills)
  An endoplasm (D:1)
  A giant cockroach (D:1)
2 creatures vanquished.

Notes
Turn   | Place    | Note
-------+----------+-------------------------------------------
     0 | D:1      | DApurpleWHUMPUS the Deep Elf Summoner began the quest for
                  | the Orb.
     0 | D:1      | Reached XP level 1. HP: 10/10 MP: 6/6
   155 | D:1      | Slain by a kobold

Illustrated notes

Levels and vault maps discovered:
D:1:      lemuel_arrival_lava_pool, layout_loops_ring, serial_shops,
          nicolae_shop_tiny_statue_garden, grunt_decor_mini_mirrors,
          kennysheep_minor_cross, minmay_tall_x

Action                     || total
---------------------------++-------
  Melee: Unarmed           ||    10
   Cast: Summon Small Mamm ||     6
   Stab: Distracted        ||     1
 Armour: Robe              ||     8
  Dodge: Dodged            ||     9

Table legend: (Time is in decaauts)
 A = Elapsed time spent in this place.
 B = Non-inter-level travel time spent in this place.
 C = Inter-level travel time spent in this place.
 D = Time resting spent in this place.
 E = Time spent auto-exploring this place.
 F = Levels seen in this place.
 G = Mean time per level.
                   A        B        C        D        E       F      G
               +--------+--------+--------+--------+--------+-----+--------+
         Total |    155 |    155 |      0 |      0 |     96 |   1 |  155.0 |
       Dungeon |    155 |    155 |      0 |      0 |     96 |   1 |  155.0 |
               +--------+--------+--------+--------+--------+-----+--------+

Top non-repeatable levels by time:
     D:1: 155 daAuts
